 Dungeon Crawl Stone Soup version 0.29.1-15-g9cfb28693d (webtiles) character file.

Game seed: 3135052965803413827

995 Eitelfritz the Cleaver (level 8, -1/69 HPs)
             Began as a Hill Orc Fighter on Apr 14, 2023.
             Slain by a kobold brigand
             ... wielding a +0 dagger
              (6 damage)
             ... on level 5 of the Dungeon.
             The game lasted 00:09:13 (5933 turns).

Eitelfritz the Cleaver (Hill Orc Fighter)           Turns: 5933, Time: 00:09:14

Health: -1/69      AC: 11    Str: 21    XL:     8   Next: 19%
Magic:  8/8        EV:  7    Int:  8    God:
Gold:   212        SH:  4    Dex: 10    Spells: 7/7 levels left

rFire   + . .      SeeInvis .   a - +0 war axe
rCold   . . .      Faith    .   c - +0 buckler
rNeg    . . .      Spirit   .   A - +0 chain mail
rPois   .          Reflect  .   z - +0 helmet
rElec   .          Harm     .   (no cloak)
rCorr   +          Rampage  .   (no gloves)
Will    .....                   (no boots)
Stlth   ..........              (no amulet)
HPRegen 0.21/turn               u - ring of resist corrosion
MPRegen 0.11/turn               w - ring of protection from fire

@: mighty, slowed, very slow
A: no striking features
a: no special abilities


You were on level 5 of the Dungeon.
You visited 2 branches of the dungeon, and saw 6 of its levels.

You collected 212 gold pieces.

Inventory:

Hand Weapons
 a - a +0 war axe (weapon)
 b - a +0 sling
 k - a +2 vorpal mace
 l - a +0 war axe of chaos
Missiles
 i - 6 boomerangs (quivered)
 m - 14 poisoned darts
 o - a throwing net
Armour
 c - a +0 buckler (worn)
 z - a +0 helmet (worn)
 A - a +0 chain mail (worn)
Jewellery
 u - a ring of resist corrosion (left hand)
 w - a ring of protection from fire (right hand)
Scrolls
 h - 2 scrolls of noise {unknown}
 n - a scroll of amnesia
 s - 3 scrolls of identify
 x - a scroll of teleportation
 y - a scroll of fear
Potions
 d - 2 potions of might
 e - a potion of magic
 f - a potion of mutation
 g - 3 potions of curing
 j - 4 potions of cancellation
 p - 2 potions of invisibility
 q - a potion of flight {unknown}
 r - a potion of lignification
 t - a potion of heal wounds {unknown}
 v - a potion of haste {unknown}


   Skills:
 + Level 5.6 Fighting
 + Level 8.3 Axes
 + Level 6.1 Armour
 + Level 1.0 Dodging
 + Level 0.8 Stealth
 + Level 4.5 Shields


You had 7 spell levels left.
You didn't know any spells.
Your spell library contained the following spells:

 Spells                   Type           Power      Damage    Failure   Level
 Magic Dart               Conj           0%         1d3       99%         1
 Call Imp                 Summ           0%         N/A       100%        2
 Conjure Flame            Conj/Fire      0%         6-21      100%        3
 Ignite Poison            Fire/Tmut/Pois 0%         N/A       100%        3
 Mephitic Cloud           Conj/Pois/Air  0%         N/A       100%        3
 Sticky Flame             Conj/Fire      0%         2d3       100%        4
 Yara's Violent Unravell  Hex/Tmut       0%         3d3       100%        5
 Statue Form              Tmut/Erth      0%         N/A       100%        6


Dungeon Overview and Level Annotations

Branches:
Dungeon (5/15)             Temple (1/1) D:4

Altars:
Ashenzari
Cheibriados
Elyvilon
Fedhas
Kikubaaqudgha
Okawaru
Ru
Trog
Uskayaw
Vehumet
Wu Jian
Yredelemnul
The Shining One

Shops:
D:1 :   D:2 =


Message History

The kobold brigand hits you with a +0 dagger.
The kobold brigand closely misses you.
The kobold brigand hits you but does no damage.
You barely miss the kobold brigand. You hit the kobold brigand.
You slash the kobold brigand!
You feel very sick. The kobold brigand barely misses you.
You block the kobold brigand's attack. The kobold brigand barely misses you.
The kobold brigand closely misses you.
The kobold brigand hits you with a +0 short sword.
The kobold brigand hits you but does no damage.
You closely miss the kobold brigand. You barely miss the kobold brigand.
You slash the kobold brigand! You hit the kobold.
You feel sick.
The kobold brigand hits you but does no damage.
The kobold hits you but does no damage. You block the kobold brigand's attack.
The kobold brigand hits you with a +0 short sword.
The kobold brigand hits you but does no damage.
You block the kobold brigand's attack. The kobold hits you but does no damage.
The kobold brigand hits you but does no damage.
You feel very mighty all of a sudden.
You feel sick.
The kobold brigand hits you but does no damage. x2
The kobold brigand hits you with a +0 short sword.
* * * LOW HITPOINT WARNING * * *
The kobold hits you but does no damage.
Unknown command.
You slash the kobold brigand!
The kobold brigand is heavily wounded.
You hit the kobold.
You kill the kobold!
You barely miss the kobold brigand. You completely miss the kobold brigand.
You feel sick.
You are no longer poisoned.
The kobold brigand hits you with a +0 dagger!
* * * LOW HITPOINT WARNING * * *
You block the kobold brigand's attack.
The kobold brigand hits you but does no damage. x2
The kobold brigand hits you with a +0 short sword.
* * * LOW HITPOINT WARNING * * *
The kobold brigand hits you with a +0 dagger.
You die...

##.......# ####'#####
#....##### #....######.........
#....# #.......##..........
#....# #.......##..........
#....#######[...!..##..........
#.........# .......##..........
#.........# .K...# #..........
###.........# #KK.# ######....#
....#+#.....# ##@K'## #....#
..#...#.....# #..)..# #....'
..#...#.....# ##..### #....#
..#...#.....# #..## ######
..#...#.....# #.## #.
..#####.....###.# ## ..
#.........# #. .. +.........#
#. #.........# #.


You could see 3 kobold brigands and a kobold.

Vanquished Creatures
  Grinder (D:3)
  A water moccasin (D:4)
  A bullfrog (D:4)
  A necrophage (D:5)
  2 howler monkeys (D:4)
  An orc priest (D:4)
  2 hounds (D:5)
  3 jellies (D:5)
  2 iguanas (D:5)
  Natasha (D:3)
  3 gnolls
  10 adders
  A white imp (D:5)
  2 worms
  2 dart slugs
  17 orcs
  3 bats
  5 endoplasms
  6 giant cockroaches
  6 goblins
  8 hobgoblins
  12 jackals
  A quokka (D:5)
  5 ball pythons
  14 kobolds
  2 rats (D:1)
112 creatures vanquished.

Vanquished Creatures (others)
  64 plants
  6 toadstools (D:5)
70 creatures vanquished.

Grand Total: 182 creatures vanquished

Notes
Turn   | Place    | Note
-------+----------+-------------------------------------------
     0 | D:1      | Eitelfritz the Hill Orc Fighter began the quest for the
                  | Orb.
     0 | D:1      | Reached XP level 1. HP: 19/19 MP: 1/1
    80 | D:1      | Found Uggum's Book Emporium.
   488 | D:1      | Reached XP level 2. HP: 27/27 MP: 2/2
   992 | D:2      | Reached skill level 3 in Axes
  1003 | D:1      | Reached XP level 3. HP: 24/33 MP: 3/3
  1323 | D:2      | Reached XP level 4. HP: 40/40 MP: 4/4
  1633 | D:2      | Reached skill level 4 in Axes
  1640 | D:2      | Found Erhoczigg's One-of-a-Kind Rings.
  2402 | D:2      | Reached XP level 5. HP: 40/47 MP: 5/5
  2808 | D:3      | Found an ancient bone altar of Kikubaaqudgha.
  2915 | D:3      | Noticed Grinder
  2924 | D:3      | Killed Grinder
  2925 | D:3      | Reached skill level 5 in Axes
  2925 | D:3      | Reached skill level 5 in Armour
  2925 | D:3      | Reached XP level 6. HP: 44/53 MP: 6/6
  3027 | D:3      | Noticed Natasha
  3031 | D:3      | Killed Natasha
  3276 | D:4      | Found a snail-covered altar of Cheibriados.
  3490 | D:4      | Reached skill level 6 in Axes
  3490 | D:4      | Noticed a water moccasin
  3499 | D:4      | Killed a water moccasin
  3500 | D:4      | Reached skill level 5 in Fighting
  3500 | D:4      | Reached XP level 7. HP: 38/61 MP: 7/7
  4045 | D:4      | Reached skill level 7 in Axes
  4107 | D:4      | Found a staircase to the Ecumenical Temple.
  4485 | Temple   | Entered the Ecumenical Temple
  4599 | D:5      | Entered Level 5 of the Dungeon
  5194 | D:5      | Reached skill level 8 in Axes
  5194 | D:5      | Reached skill level 1 in Dodging
  5194 | D:5      | Reached XP level 8. HP: 49/69 MP: 8/8
  5655 | D:5      | Got the Compilation of Metamorphosis
  5933 | D:5      | Slain by a kobold brigand

Illustrated notes

Levels and vault maps discovered:
D:1:      dpeg_arrival_houses_and_road, layout_rooms, serial_shops,
          nicolae_shop_advertising_works [nicolae_subvault_shop_adworks],
          minmay_small_reverse_x
D:2:      wad_lake_hut, layout_loops_ring, nicolae_shop_unique_rings
D:3:      layout_rooms, mainiacjoe_overflow_brackets, minmay_misc_feat_ornament,
          hex_intersection, uniq_natasha, uniq_grinder
D:4:      wad_woods_pond, layout_basic, nicolae_overflow_crystal_walls,
          grunt_tough_drop
D:5:      cheibrodos_fertilizer, layout_gridville, minmay_quadrilaterals
Temple:   jpeg_temple_clearing

Skill      XL: |  1  2  3  4  5  6  7 |
---------------+----------------------+-----
Fighting       | 4 5 |  5.6
Axes           | 3 4 5 6 8 |  8.3
Armour         | 4 5 6 |  6.1
Shields        | 4 |  4.5
Dodging        | 1 |  1.0
Stealth        | |  0.8

Action                   |  1- 3 |  4- 6 |  7- 9 || total
-------------------------+-------+-------+-------++-------
Melee: War axe           |    51 |   115 |   125 ||   291
  Use: Potion            |       |     1 |     1 ||     2
       Scroll            |       |    14 |       ||    14
Armor: Scale mail        |    22 |    64 |    31 ||   117
       Chain mail        |       |       |    37 ||    37
Dodge: Dodged            |    38 |    71 |    42 ||   151
Block: Buckler           |    15 |    33 |    33 ||    81
